 Dungeon Crawl Stone Soup version 0.28-a0-586-gbdb9d174a4 (webtiles) character file.

Game seed: 14847422708672701543

0 Gargoyl the Skirmisher (level 1, -20/23 HPs)
             Began as a Gnoll Abyssal Knight on Oct 3, 2021.
             Was a Follower of Lugonu.
             Demolished by a shadow wraith (22 damage)
             ... on level 1 of the Abyss.
             The game lasted 00:00:41 (176 turns).

Gargoyl the Skirmisher (Gnoll Abyssal Knight)        Turns: 176, Time: 00:00:41

Health: -20/23     AC:  3    Str: 12      XL:     1   Next: 0%
Magic:  3/3        EV: 11    Int:  9      God:    Lugonu [*.....]
Gold:   6          SH:  0    Dex:  7 (12) Spells: 0/0 levels left

rFire   . . .      SeeInvis .   a - +1 hand axe
rCold   . . .      Faith    .   (no shield)
rNeg    . . .      Spirit   .   b - +0 leather armour
rPois   .          Reflect  .   (no helmet)
rElec   .          Harm     .   (no cloak)
rCorr   .          Rampage  .   (no gloves)
Will    .....                   (no boots)
Stlth   +.........              (no amulet)
HPRegen 0.07/turn               (no ring)
MPRegen 0.08/turn               (no ring)

@: slowed, very slow
A: fangs 1, strong nose, distributed training
a: Renounce Religion, Depart the Abyss


You were on level 1 of the Abyss.
You worshipped Lugonu.
Lugonu was aware of your devotion.
You visited 0 branches of the dungeon, and saw 0 of its levels.
You visited the Abyss 1 time.

You collected 6 gold pieces.

Inventory:

Hand Weapons
 a - a +1 hand axe (weapon)
Armour
 b - a +0 leather armour (worn)


   Skills:
 + Level 6.4 Fighting
 + Level 0.0 Short Blades
 + Level 0.0 Long Blades
 + Level 4.4 Axes
 + Level 0.0 Maces & Flails
 + Level 0.0 Polearms
 + Level 0.0 Staves
 + Level 0.0 Slings
 + Level 0.0 Bows
 + Level 0.0 Crossbows
 + Level 0.0 Throwing
 + Level 4.4 Armour
 + Level 2.3 Dodging
 + Level 0.0 Stealth
 + Level 0.0 Shields
 + Level 0.0 Unarmed Combat
 + Level 0.0 Spellcasting
 + Level 0.0 Conjurations
 + Level 0.0 Hexes
 + Level 0.0 Summonings
 + Level 0.0 Necromancy
 + Level 0.0 Translocations
 + Level 0.0 Transmutations
 + Level 0.0 Fire Magic
 + Level 0.0 Ice Magic
 + Level 0.0 Air Magic
 + Level 0.0 Earth Magic
 + Level 0.0 Poison Magic
 + Level 4.4 Invocations
 + Level 0.0 Evocations


You couldn't memorise any spells.
You didn't know any spells.
Your spell library was empty.

Dungeon Overview and Level Annotations

Branches:
Dungeon (0/15)

Altars:


Innate Abilities, Weirdness & Mutations

You have very sharp teeth.
Your uncanny sense of smell can sniff out nearby items.
Your experience applies equally to all skills.


Message History

The quasit claws you but does no damage.
The quasit claws you.
You feel clumsy. The quasit bites you.
The quasit claws you but does no damage. x2
You hit the quasit but do no damage. You bite the quasit, but do no damage.
The quasit misses you. The quasit completely misses you.
The quasit claws you but does no damage.
You barely miss the quasit. The quasit closely misses you.
The quasit claws you but does no damage. x2
Unknown command.
You hit the quasit but do no damage. The quasit barely misses you.
The quasit claws you.
The quasit claws you but does no damage.
A quasit comes into view.
The quasit bites you. The quasit closely misses you.
The quasit claws you but does no damage.
You closely miss the quasit. The quasit misses you.
The quasit claws you but does no damage.
The quasit claws you.
You feel clumsy.
You miss the quasit. The quasit bites you.
The quasit claws you but does no damage.
The quasit barely misses you. The quasit bites you.
You feel clumsy. The quasit closely misses you.
The quasit claws you but does no damage.
Unknown command.
You hit the quasit.
The quasit is lightly wounded.
You barely miss something. Something hits you!
* * * LOW HITPOINT WARNING * * *
Something drains your vigour!
You feel yourself slow down.
Deactivating autopickup; reactivate with Ctrl-A.
The quasit bites you but does no damage.
The quasit claws you but does no damage.
The quasit barely misses you. Something hits you!!
Ouch! That really hurt!
You die...

## #.
.#..#.## ..
## .# .#.
.#.. # .##.#
....#
#.....##.#..
.#.###. ...#
.##.###.#..#
....#..#...
#.#..#.# .##
#...@.#..
#....##5#
##.##5.##
#....#
..#.## .#. #


You could see a quasit.

Vanquished Creatures (others)
  15 starspawn tentacles (Abyss:1)
15 creatures vanquished.

Notes
Turn   | Place    | Note
-------+----------+-------------------------------------------
     0 | Abyss:1  | Gargoyl the Gnoll Abyssal Knight began the quest for the
                  | Orb.
     0 | Abyss:1  | Reached XP level 1. HP: 23/23 MP: 3/3
    70 | Abyss:1  | Noticed a tentacled starspawn
    86 | Abyss:1  | Noticed a tentacled starspawn
   108 | Abyss:1  | Noticed a small abomination
   167 | Abyss:1  | Noticed a quasit
   172 | Abyss:1  | Noticed a quasit
   176 | Abyss:1  | Demolished by a shadow wraith

Illustrated notes

Levels and vault maps discovered:
Abyss:1:  base: Temple, base:
Temple

Action                   || total
-------------------------++-------
Melee: Hand axe          ||     8
       Bite              ||     1
Armor: Leather armour    ||    15
Dodge: Dodged            ||    13

Table legend: (Time is in decaauts)
 A = Elapsed time spent in this place.
 B = Non-inter-level travel time spent in this place.
 C = Inter-level travel time spent in this place.
 D = Time resting spent in this place.
 E = Time spent auto-exploring this place.
 F = Levels seen in this place.
 G = Mean time per level.
                   A        B        C        D        E       F      G
               +--------+--------+--------+--------+--------+-----+--------+
         Total |    176 |    176 |      0 |      0 |     67 |   1 |  176.0 |
         Abyss |    176 |    176 |      0 |      0 |     67 |   1 |  176.0 |
               +--------+--------+--------+--------+--------+-----+--------+

Top non-repeatable levels by time:
 Abyss:1: 176 daAuts
